[Event "January 9 Early 2024"]
[Site "https://www.chess.com"]
[Date "2024.01.11"]
[Round "3"]
[White "Piscicelli, Daniel Orlando"]
[Black "Avramidou, Anastasia"]
[Result "0-1"]
[Board "125"]
[TimeControl "180+1"]
[WhiteFideId "101958"]
[BlackFideId "4239873"]
[WhiteElo "2279"]
[BlackElo "2526"]
[WhiteTeam "ARG"]
[BlackTeam "GRE"]
[WhiteClock "0:00:03"]
[BlackClock "0:00:52"]

1. e4 g6 2. d4 Bg7 3. Nc3 d6 4. Be3 a6 5. Qd2 b5 6. f4 Bb7 7. Bd3 Nd7 8. Nf3 c5 9. O-O Ngf6 10. d5 Ng4 11. h3 Nxe3 12. Qxe3 O-O 13. f5 c4 14. Be2 Qb6 15. Qxb6 Nxb6 16. Rad1 b4 17. Nb1 Bxb2 18. fxg6 hxg6 19. Nbd2 Rac8 20. Rb1 Bc3 21. Kh1 a5 22. Rfd1 f5 23. Nh4 Kg7 24. exf5 gxf5 25. Bf3 Bxd5 26. Bxd5 Nxd5 27. Nxc4 Rxc4 28. Rxd5 Rxh4 29. Rxa5 Re4 30. Rd5 Kg6 31. Kh2 Ra8 32. Rb5 Rxa2 33. Rb7 Rxc2 34. Rb3 Rb2 0-1

[Event "January 9 Early 2024"]
[Site "https://www.chess.com"]
[Date "2024.01.11"]
[Round "3"]
[White "Khumalo, Keith"]
[Black "Delorme, Axel"]
[Result "1-0"]
[Board "126"]
[TimeControl "180+1"]
[WhiteFideId "14319470"]
[BlackFideId "632023"]
[WhiteElo "2697"]
[BlackElo "2489"]
[WhiteTeam "RSA"]
[BlackTeam "FRA"]
[WhiteClock "0:01:32"]
[BlackClock "0:00:09"]

1. d4 d5 2. c4 e6 3. Nf3 c6 4. Qc2 dxc4 5. Qxc4 b5 6. Qc2 Bb7 7. g3 Nd7 8. a4 a6 9. Nbd2 c5 10. axb5 axb5 11. Rxa8 Qxa8 12. dxc5 Bxc5 13. Bg2 Ngf6 14. O-O O-O 15. Nb3 Bb6 16. Qd3 Bc6 17. Nbd4 Bxd4 18. Qxd4 Rd8 19. Rd1 Rc8 20. Bf4 h6 21. h3 Bd5 22. b4 Rc2 23. Ra1 Ra2 24. Rxa2 Qxa2 25. Qd2 Qb1+ 26. Kh2 Ne4 27. Qd4 Qc2 28. Nd2 Ndf6 29. Nxe4 Bxe4 30. Bxe4 Qxe4 31. Qd2 Nd5 32. Bd6 h5 33. f3 Qe3 34. Qxe3 Nxe3 35. Kg1 g5 36. Kf2 Nc4 37. Be7 g4 38. fxg4 hxg4 39. h4 Kg7 40. e4 f5 41. exf5 exf5 42. Bg5 Kg6 43. Bf4 Nb6 44. Ke2 Nd5 45. Bd6 f4 46. gxf4 Kh5 47. Kd3 Kxh4 48. Ke4 g3 49. Kxd5 g2 50. Bc5 Kg4 51. Ke4 1-0

[Event "January 9 Early 2024"]
[Site "https://www.chess.com"]
[Date "2024.01.11"]
[Round "3"]
[White "Swicarz, Maciej"]
[Black "Barp, Alberto"]
[Result "1-0"]
[Board "127"]
[TimeControl "180+1"]
[WhiteFideId "1113585"]
[BlackFideId "872555"]
[WhiteElo "2489"]
[BlackElo "2658"]
[WhiteTeam "POL"]
[BlackTeam "ITA"]
[WhiteClock "0:00:39"]
[BlackClock "0:00:31"]

1. e4 c5 2. Nf3 a6 3. c4 Nc6 4. d4 cxd4 5. Nxd4 Nf6 6. Nc3 e5 7. Nf5 d6 8. Ne3 g6 9. Be2 Bh6 10. Ned5 Bxc1 11. Rxc1 O-O 12. O-O Nd4 13. b3 Be6 14. Ne3 Qa5 15. f4 Nxe2+ 16. Qxe2 exf4 17. Rxf4 Qe5 18. Qf3 Kg7 19. Ned5 Bxd5 20. Nxd5 Nxd5 21. exd5 f5 22. Qf2 Rae8 23. Rf1 Qe3 24. Kh1 Rf7 25. Qb2+ Qe5 26. Qd2 Qe2 27. Qc3+ Re5 28. R4f2 Qe3 29. Qb4 Rfe7 30. h3 Qc5 31. Qxc5 dxc5 32. Rd2 Kf6 33. Rfd1 Re1+ 34. Kh2 Rxd1 35. Rxd1 Re4 36. Kg3 Ke7 37. Kf3 h5 38. Rd2 Kd6 39. Re2 Re5 40. Rxe5 Kxe5 41. h4 b5 42. g3 b4 43. Ke3 a5 44. Kf3 1-0

[Event "January 9 Early 2024"]
[Site "https://www.chess.com"]
[Date "2024.01.11"]
[Round "3"]
[White "Sielecki, Christof"]
[Black "Rosenberg, Evan S"]
[Result "1-0"]
[Board "128"]
[TimeControl "180+1"]
[WhiteFideId "4620437"]
[BlackFideId "2019299"]
[WhiteElo "2591"]
[BlackElo "2374"]
[WhiteTeam "GER"]
[BlackTeam "USA"]
[WhiteClock "0:00:31"]
[BlackClock "0:00:20"]

1. d4 d5 2. Nf3 Bf5 3. c4 e6 4. Nc3 Nf6 5. g3 h6 6. Bg2 c6 7. Qb3 Qb6 8. c5 Qc7 9. Bf4 Qc8 10. Nd2 Nbd7 11. e4 dxe4 12. Bxe4 Nxe4 13. Ndxe4 Be7 14. Nd6+ Bxd6 15. Bxd6 b6 16. O-O bxc5 17. dxc5 Nf6 18. Rfe1 h5 19. h4 Rh6 20. Ne2 Ne4 21. Nf4 Nxd6 22. cxd6 Kd7 23. Qc3 Rh7 24. b4 Rb8 25. a4 a5 26. bxa5 Qb7 27. Nd3 Bxd3 28. Qxd3 Rh6 29. a6 Qa8 30. Rab1 Rhh8 31. a5 Qa7 32. Rb6 Rxb6 33. axb6 Qxb6 34. Rb1 Qa5 35. Rb7+ Kc8 36. d7+ Kd8 37. Rb8+ Ke7 38. Rxh8 g6 39. d8=Q+ 1-0

[Event "January 9 Early 2024"]
[Site "https://www.chess.com"]
[Date "2024.01.11"]
[Round "3"]
[White "Baules Rodriguez, Jorge Luis"]
[Black "Hayrapetyan, Hovik"]
[Result "1-0"]
[Board "129"]
[TimeControl "180+1"]
[WhiteFideId "6600247"]
[BlackFideId "13302639"]
[WhiteElo "2556"]
[BlackElo "2799"]
[WhiteTeam "PAN"]
[BlackTeam "ARM"]
[WhiteClock "0:00:24"]
[BlackClock "0:00:01"]

1. e4 c5 2. Nf3 d6 3. d4 cxd4 4. Nxd4 Nf6 5. Nc3 a6 6. Be3 e5 7. Nb3 Be6 8. Qd2 Nbd7 9. f4 Rc8 10. f5 Bc4 11. O-O-O Be7 12. Kb1 b5 13. g4 b4 14. Nd5 Nxe4 15. Qxb4 Bxd5 16. Rxd5 Nef6 17. Rd1 d5 18. Qa4 d4 19. g5 Nd5 20. Bxd4 exd4 21. Qxd4 O-O 22. Qxd5 Qc7 23. Bxa6 Qxc2+ 24. Ka1 Nb6 25. Qd4 Bxg5 26. Bxc8 Bf6 27. Rd2 1-0

[Event "January 9 Early 2024"]
[Site "https://www.chess.com"]
[Date "2024.01.11"]
[Round "3"]
[White "Srdanovic, Jovana"]
[Black "Kornyukov, Alexey"]
[Result "1-0"]
[Board "130"]
[TimeControl "180+1"]
[WhiteFideId "954810"]
[BlackFideId "4150457"]
[WhiteElo "2552"]
[BlackElo "2278"]
[WhiteTeam "SRB"]
[BlackTeam "RUS"]
[WhiteClock "0:01:19"]
[BlackClock "0:00:21"]

1. d4 Nf6 2. c4 e6 3. Nf3 Bb4+ 4. Bd2 Bxd2+ 5. Qxd2 O-O 6. Qc2 d5 7. e3 c5 8. dxc5 Qa5+ 9. Nc3 Qxc5 10. cxd5 Nxd5 11. Rc1 Nxc3 12. Qxc3 Qxc3+ 13. Rxc3 Nc6 14. Bd3 e5 15. h3 Be6 16. a3 f5 17. Bb5 e4 18. Bxc6 bxc6 19. Nd4 Bd5 20. Nxc6 Bxc6 21. Rxc6 Rac8 22. Rxc8 Rxc8 23. Kd2 Kf7 24. Rc1 Rd8+ 25. Ke2 Rb8 26. b4 Rb7 27. Rc6 g6 28. h4 Ke7 29. Kd2 Kd7 30. Rf6 Ke7 31. Ra6 Rd7+ 32. Kc2 Rc7+ 33. Kb2 Rd7 34. Kc3 Rc7+ 35. Kb3 Rd7 36. b5 Rd2 37. Rxa7+ Kd6 38. Rxh7 Rxf2 39. Rh6 Rxg2 40. h5 f4 41. Rxg6+ Rxg6 42. hxg6 f3 43. g7 f2 44. g8=Q f1=Q 45. Qd8+ Kc5 46. Qd4+ Kxb5 47. Qb4+ Kc6 48. Qc4+ Qxc4+ 49. Kxc4 Kd6 50. Kd4 Kc6 51. Kxe4 Kb5 52. Ke5 Ka4 53. Kd6 Kxa3 54. e4 Kb4 55. e5 Kc4 56. e6 1-0

[Event "January 9 Early 2024"]
[Site "https://www.chess.com"]
[Date "2024.01.11"]
[Round "3"]
[White "Golubev, Mikhail"]
[Black "Musalov, Ruslan"]
[Result "0-1"]
[Board "131"]
[TimeControl "180+1"]
[WhiteFideId "14100983"]
[BlackFideId "4141490"]
[WhiteElo "2624"]
[BlackElo "2452"]
[WhiteTeam "UKR"]
[BlackTeam "RUS"]
[WhiteClock "0:00:01"]
[BlackClock "0:00:12"]

1. e4 c5 2. Nf3 d6 3. d4 cxd4 4. Nxd4 Nf6 5. Nc3 a6 6. Bc4 e6 7. O-O Nbd7 8. Bxe6 fxe6 9. Nxe6 Qa5 10. Bd2 Qb6 11. Nd5 Nxd5 12. exd5 Kf7 13. Bc3 Ne5 14. Bd4 Qa5 15. f4 Nc4 16. b3 Nb6 17. c4 Nd7 18. f5 Nf6 19. Bxf6 gxf6 20. Qh5+ Ke7 21. Rae1 Qb6+ 22. Nd4+ Kd7 0-1

[Event "January 9 Early 2024"]
[Site "https://www.chess.com"]
[Date "2024.01.11"]
[Round "3"]
[White "Kraus, Tomas"]
[Black "Petersson, Kjell"]
[Result "0-1"]
[Board "132"]
[TimeControl "180+1"]
[WhiteFideId "331708"]
[BlackFideId "1705148"]
[WhiteElo "2355"]
[BlackElo "2135"]
[WhiteTeam "CZE"]
[BlackTeam "SWE"]
[WhiteClock "0:00:06"]
[BlackClock "0:00:56"]

1. e4 c5 2. Nc3 g6 3. f4 Bg7 4. Nf3 Nc6 5. Bb5 e6 6. Bxc6 bxc6 7. e5 d6 8. exd6 Qxd6 9. d3 Nf6 10. O-O O-O 11. Ne4 Nxe4 12. dxe4 Rd8 13. Qxd6 Rxd6 14. e5 Rd5 15. Be3 Ba6 16. Rfd1 Rad8 17. Rd2 Rxd2 18. Nxd2 Bf8 19. Ne4 Rd5 20. Nf6+ Kg7 21. Nxd5 cxd5 22. c3 Bc4 23. b3 Bd3 24. b4 cxb4 25. cxb4 Bxb4 26. Bxa7 Bc3 27. Rc1 Bb2 28. Rd1 Bc4 29. a4 Kf8 30. a5 Ke8 31. Rb1 Bc3 32. Rb7 Bxa5 33. Bc5 Bd3 34. Re7+ Kd8 35. Rxf7 h5 36. Kf2 Bf5 37. h3 Ke8 38. Re7+ Kd8 39. Kf3 Be4+ 40. Kf2 Bb6 41. Rxe6 Bxc5+ 42. Kf1 Bf5 43. Ra6 Bd3+ 44. Ke1 Bxa6 45. Kd2 Kd7 0-1

[Event "January 9 Early 2024"]
[Site "https://www.chess.com"]
[Date "2024.01.11"]
[Round "3"]
[White "Skuhala, Jernej"]
[Black "Pichot, Alan"]
[Result "0-1"]
[Board "133"]
[TimeControl "180+1"]
[WhiteFideId "14605651"]
[BlackFideId "110973"]
[WhiteElo "2547"]
[BlackElo "2824"]
[WhiteTeam "SLO"]
[BlackTeam "ESP"]
[WhiteClock "0:00:14"]
[BlackClock "0:00:35"]

1. e4 c5 2. Nf3 e6 3. Nc3 Nc6 4. d4 cxd4 5. Nxd4 Qc7 6. Be3 a6 7. Qd2 Nf6 8. f4 Bb4 9. Bd3 b5 10. a3 Be7 11. e5 Ng4 12. Bg1 Bb7 13. h3 Bh4+ 14. Kf1 Nh6 15. Nf3 Be7 16. Rd1 O-O 17. Be4 Rad8 18. Be3 f5 19. Bd3 d6 20. exd6 Bxd6 21. Kf2 e5 22. fxe5 Nxe5 23. Bxh6 gxh6 24. Qxh6 Bc5+ 25. Ke2 Nxf3 26. gxf3 Rde8+ 27. Kd2 Be3+ 28. Qxe3 Rxe3 29. Kxe3 Re8+ 30. Kf2 Qc5+ 31. Kg2 Re3 32. Rhf1 Qe5 33. Bc4+ bxc4 34. Rd8+ Kg7 35. Rd7+ Kg6 36. Rxb7 Re1 37. Rb6+ Kh5 38. Rf2 Qg7+ 0-1

[Event "January 9 Early 2024"]
[Site "https://www.chess.com"]
[Date "2024.01.11"]
[Round "3"]
[White "Krutko, Anatoly"]
[Black "Fernandez Siles, Luis"]
[Result "1-0"]
[Board "134"]
[TimeControl "180+1"]
[WhiteFideId "4185862"]
[BlackFideId "2209420"]
[WhiteElo "2558"]
[BlackElo "2291"]
[WhiteTeam "RUS"]
[BlackTeam "ESP"]
[WhiteClock "0:01:32"]
[BlackClock "0:00:04"]

1. Nc3 d5 2. e4 dxe4 3. Qe2 Nf6 4. Nxe4 Nxe4 5. Qxe4 Nc6 6. Nf3 e6 7. d4 Be7 8. c3 Qd5 9. Qc2 e5 10. Be3 exd4 11. Nxd4 O-O 12. Bd3 g6 13. O-O Bf6 14. Be4 Nxd4 15. Bxd4 Qd6 16. Rad1 Bxd4 17. Rxd4 Qf6 18. Rfd1 c6 19. Bf3 Bf5 20. Qb3 Qe7 21. h3 Be6 22. Qa4 a6 23. a3 Rad8 24. Qa5 Rxd4 25. Rxd4 Re8 26. Qb6 h5 27. h4 Kg7 28. g3 Bf5 29. Rd1 Bg4 30. Bxg4 hxg4 31. Qd4+ Qe5 32. Qxg4 Qe2 33. Qd4+ Kg8 34. Rd2 Qe1+ 35. Kg2 Qb1 36. Qd3 Qc1 37. Qc2 Qe1 38. Rd1 Qe4+ 39. Qxe4 Rxe4 40. Rd7 b5 41. Ra7 Ra4 42. Kf3 Kg7 43. Ke3 Kf6 44. Kd3 Ke6 45. Kc2 f5 46. Kb3 f4 47. Ka2 fxg3 48. fxg3 Rg4 49. Rxa6 Kd5 50. a4 bxa4 51. Ka3 Rxg3 52. Rxa4 c5 53. Rf4 Ke5 54. Ra4 Kd5 55. Ra6 Rg4 56. Kb3 Rxh4 57. Rxg6 Rh8 58. Rg5+ Kc6 59. Rg6+ 1-0

[Event "January 9 Early 2024"]
[Site "https://www.chess.com"]
[Date "2024.01.11"]
[Round "3"]
[White "Rosen, Eric"]
[Black "Manukian, Artak"]
[Result "0-1"]
[Board "135"]
[TimeControl "180+1"]
[WhiteFideId "2032562"]
[BlackFideId "13301373"]
[WhiteElo "2665"]
[BlackElo "2492"]
[WhiteTeam "USA"]
[BlackTeam "ARM"]
[WhiteClock "0:00:01"]
[BlackClock "0:00:25"]

1. e4 c6 2. Nf3 d5 3. Nc3 dxe4 4. Nxe4 Nf6 5. Neg5 h6 6. Nxf7 Kxf7 7. Bc4+ e6 8. d4 Bd6 9. O-O Re8 10. Re1 Kg8 11. Qd3 Na6 12. Qg6 Re7 13. Ne5 Qe8 14. Qg3 Nb4 15. Bb3 c5 16. dxc5 Bxe5 17. Rxe5 Nc6 18. Re1 Kh8 19. c3 e5 20. Bc2 e4 21. Be3 Bf5 22. b4 Ne5 23. Bd4 Nd3 24. Rf1 Nh5 25. Qe3 Re6 26. Kh1 Nhf4 27. f3 exf3 28. Qxf3 Be4 29. Qg3 Bxg2+ 30. Kg1 Ne2+ 31. Kxg2 Nxg3 0-1

[Event "January 9 Early 2024"]
[Site "https://www.chess.com"]
[Date "2024.01.11"]
[Round "3"]
[White "Bogaudinov, Rushan"]
[Black "Pappelis, Dimitrios"]
[Result "1-0"]
[Board "136"]
[TimeControl "180+1"]
[WhiteFideId "4129288"]
[BlackFideId "4215281"]
[WhiteElo "2389"]
[BlackElo "2138"]
[WhiteTeam "RUS"]
[BlackTeam "GRE"]
[WhiteClock "0:00:51"]
[BlackClock "0:00:07"]

1. d4 d5 2. g3 Nf6 3. Bg2 e6 4. c4 Be7 5. Nc3 O-O 6. Nf3 c5 7. O-O Nc6 8. cxd5 exd5 9. a3 c4 10. Bf4 a6 11. Ne5 Be6 12. e4 dxe4 13. Nxc6 bxc6 14. Nxe4 Bd5 15. Re1 Re8 16. Rc1 Nxe4 17. Bxe4 Bf6 18. Bxd5 Qxd5 19. Be3 h5 20. Qc2 Rab8 21. Qxc4 Rxb2 22. Red1 Re6 23. Qxd5 cxd5 24. Rc5 Ra2 25. Rd3 Be7 26. Rxd5 h4 27. gxh4 Bxh4 28. Rb3 Rg6+ 29. Kf1 Bxf2 30. Rb8+ Kh7 31. Rh5+ Rh6 32. Rxh6+ gxh6 33. Bxf2 Rxa3 34. Rb6 Kg7 35. Bg3 h5 36. Be5+ Kg8 37. Ke2 a5 38. d5 Ra2+ 39. Kd3 a4 40. d6 1-0

[Event "January 9 Early 2024"]
[Site "https://www.chess.com"]
[Date "2024.01.11"]
[Round "3"]
[White "Wantiez, Fabrice"]
[Black "Kotlyar, Kirill"]
[Result "1-0"]
[Board "137"]
[TimeControl "180+1"]
[WhiteFideId "202274"]
[BlackFideId "24145599"]
[WhiteElo "2401"]
[BlackElo "2585"]
[WhiteTeam "BEL"]
[BlackTeam "RUS"]
[WhiteClock "0:00:54"]
[BlackClock "0:00:11"]

1. e4 e5 2. Nf3 Nc6 3. Bb5 a6 4. Ba4 Nf6 5. O-O Be7 6. Re1 b5 7. Bb3 O-O 8. h3 d6 9. c3 Nb8 10. d3 Bb7 11. Nbd2 Nbd7 12. Nf1 Nc5 13. Bc2 Re8 14. b4 Ncd7 15. a4 c5 16. bxc5 dxc5 17. Ng3 Qc7 18. Nf5 Bf8 19. c4 b4 20. a5 g6 21. Nh6+ Bxh6 22. Bxh6 Rad8 23. Ba4 Re6 24. Nh2 Rd6 25. Re3 Bxe4 26. Bxd7 Qxd7 27. Qe1 Rxd3 28. Rxe4 Nxe4 29. Qxe4 f6 30. Ng4 Qe7 31. Ne3 R3d4 32. Qf3 Qe6 33. Re1 b3 34. Qb7 Qf7 35. Qxb3 Re4 36. Qb6 Re8 37. Qxc5 f5 38. Rd1 f4 39. Nd5 Rd4 40. Rxd4 exd4 41. Qxd4 f3 42. Nf6+ Kh8 43. Nxe8+ Kg8 44. Nf6+ Kh8 45. Qd8+ Qf8 46. Qxf8# 1-0

[Event "January 9 Early 2024"]
[Site "https://www.chess.com"]
[Date "2024.01.11"]
[Round "3"]
[White "Karavade, Eesha"]
[Black "Boyer, Mahel"]
[Result "1-0"]
[Board "138"]
[TimeControl "180+1"]
[WhiteFideId "5012600"]
[BlackFideId "45102422"]
[WhiteElo "2500"]
[BlackElo "2641"]
[WhiteTeam "IND"]
[BlackTeam "FRA"]
[WhiteClock "0:00:35"]
[BlackClock "0:00:05"]

1. d4 d6 2. Nf3 Nd7 3. c4 e5 4. Nc3 g6 5. g3 Bg7 6. Bg2 exd4 7. Nxd4 Ngf6 8. O-O O-O 9. h3 Re8 10. b3 Nh5 11. Bb2 Ne5 12. Kh2 f5 13. f4 Nf7 14. e4 fxe4 15. Re1 c5 16. Nc2 d5 17. Qxd5 Qxd5 18. cxd5 Nd6 19. Rab1 Bf5 20. Ne3 b5 21. g4 Nxf4 22. gxf5 gxf5 23. Ncd1 Nd3 24. Re2 f4 25. Bxg7 Kxg7 26. Ng4 f3 27. Rc2 h5 28. Nge3 fxg2 29. Rxg2+ Kf6 30. Nf2 Rg8 31. Rbg1 Rxg2+ 32. Rxg2 Ke5 33. Nfd1 Rf8 34. Rg5+ Kd4 35. Nc2# 1-0

[Event "January 9 Early 2024"]
[Site "https://www.chess.com"]
[Date "2024.01.11"]
[Round "3"]
[White "Ovezdurdyyeva, Jemal"]
[Black "Crocker, Philip J"]
[Result "1-0"]
[Board "139"]
[TimeControl "180+1"]
[WhiteFideId "14001888"]
[BlackFideId "403180"]
[WhiteElo "2447"]
[BlackElo "2121"]
[WhiteTeam "TKM"]
[BlackTeam "ENG"]
[WhiteClock "0:00:45"]
[BlackClock "0:00:03"]

1. e4 Nf6 2. e5 Nd5 3. c4 Nb6 4. d4 d6 5. exd6 cxd6 6. Nf3 g6 7. Be2 Bg7 8. O-O O-O 9. Be3 Bg4 10. Nbd2 Nc6 11. h3 Bxf3 12. Nxf3 d5 13. c5 Nc4 14. Bc1 e5 15. b3 e4 16. bxc4 exf3 17. Bxf3 Nxd4 18. Rb1 dxc4 19. Bxb7 Rb8 20. Bf4 Rxb7 21. Rxb7 Qa5 22. Bd6 Rc8 23. Qg4 Qd8 24. Rd1 f5 25. Qxd4 Bxd4 26. Rxd4 Qe8 27. Rb1 c3 28. Rc4 Qe2 29. Rxc3 Qxa2 30. Rcb3 Qc2 31. R3b2 Qc4 32. Rb7 a5 33. Re1 Qa6 34. Ree7 Qc6 35. Rg7+ Kh8 36. Rxh7+ Kg8 37. Rbg7# 1-0

[Event "January 9 Early 2024"]
[Site "https://www.chess.com"]
[Date "2024.01.11"]
[Round "3"]
[White "Ter-Sahakyan, Samvel"]
[Black "Cristobal, Manuel"]
[Result "1-0"]
[Board "140"]
[TimeControl "180+1"]
[WhiteFideId "13302531"]
[BlackFideId "112879"]
[WhiteElo "2914"]
[BlackElo "2699"]
[WhiteTeam "ARM"]
[BlackTeam "ARG"]
[WhiteClock "0:00:17"]
[BlackClock "0:00:24"]

1. d4 Nc6 2. c4 e5 3. d5 Nce7 4. Nc3 Nf6 5. g3 Ng6 6. Bg2 Bc5 7. Na4 Bb4+ 8. Bd2 Qe7 9. e4 c6 10. Ne2 b5 11. cxb5 cxb5 12. Nac3 Bc5 13. O-O b4 14. Na4 Bd6 15. h3 O-O 16. Be3 Ba6 17. b3 Bb5 18. Nb2 Rfc8 19. Qd2 a5 20. Rfc1 Bc5 21. Rxc5 Rxc5 22. d6 Rc2 23. Qxc2 Qxd6 24. Nc4 Qc6 25. Rc1 Rc8 26. Qb2 Qa6 27. Bg5 Bxc4 28. bxc4 Rxc4 29. Bxf6 gxf6 30. Bf1 Rxe4 31. Qc2 d5 32. Nc3 Rc4 33. Bxc4 Qxc4 34. Nd1 Qd4 35. Ne3 h5 36. Rd1 1-0

[Event "January 9 Early 2024"]
[Site "https://www.chess.com"]
[Date "2024.01.11"]
[Round "3"]
[White "Chan, Wei Xuan Timothy"]
[Black "Ferey, Antonin"]
[Result "1-0"]
[Board "141"]
[TimeControl "180+1"]
[WhiteFideId "5802032"]
[BlackFideId "36051454"]
[WhiteElo "2720"]
[BlackElo "2499"]
[WhiteTeam "SGP"]
[BlackTeam "FRA"]
[WhiteClock "0:00:37"]
[BlackClock "0:00:11"]

1. e4 e5 2. Nf3 Nc6 3. d4 exd4 4. Bc4 Nf6 5. O-O Nxe4 6. Nc3 dxc3 7. Bxf7+ Kxf7 8. Qd5+ Ke8 9. Re1 d6 10. Rxe4+ Be7 11. Bg5 cxb2 12. Rae1 Kf8 13. Rf4+ Bf6 14. Rxf6+ Qxf6 15. Bxf6 gxf6 16. Qb5 Ne5 17. Nd2 Rg8 18. f4 Bd7 19. Qxb2 Bc6 20. g3 Nd7 21. Nb3 f5 22. Nd4 Be4 23. Ne6+ Kf7 24. Ng5+ Rxg5 25. fxg5 Ne5 26. Rxe4 fxe4 27. Qxb7 Re8 28. Qxe4 Re7 29. Qxh7+ Ke6 30. Qg8+ Kd7 31. h4 c5 32. Qd5 Rg7 33. Kg2 Ke7 34. Qb7+ Kf8 35. Qa8+ Ke7 36. Qxa7+ Kf8 37. Qb8+ Ke7 38. a4 1-0

[Event "January 9 Early 2024"]
[Site "https://www.chess.com"]
[Date "2024.01.11"]
[Round "3"]
[White "Cupid, Kevin"]
[Black "Alexanian, Nelli"]
[Result "1-0"]
[Board "142"]
[TimeControl "180+1"]
[WhiteFideId "7700512"]
[BlackFideId "4170539"]
[WhiteElo "2330"]
[BlackElo "1948"]
[WhiteTeam "TTO"]
[BlackTeam "TUR"]
[WhiteClock "0:00:26"]
[BlackClock "0:00:15"]

1. d4 Nf6 2. Nf3 c5 3. d5 b5 4. c4 g6 5. g3 Bg7 6. Bg2 O-O 7. O-O bxc4 8. Nfd2 d6 9. Nxc4 Ba6 10. Qc2 Nbd7 11. Nba3 Qc7 12. Bd2 Rab8 13. Rfe1 e6 14. e4 Nb6 15. Ba5 Qd7 16. dxe6 fxe6 17. Rad1 Nxc4 18. Nxc4 Bxc4 19. Qxc4 Rxb2 20. Bc3 Rb6 21. e5 Ne8 22. Bh3 d5 23. Qxc5 Rc6 24. Qe3 Qc7 25. Bd4 Rc2 26. Qb3 Qc4 27. Bxe6+ Kh8 28. Bxd5 Qc8 29. Bg2 Qf5 30. f4 Nc7 31. Be4 1-0

[Event "January 9 Early 2024"]
[Site "https://www.chess.com"]
[Date "2024.01.11"]
[Round "3"]
[White "Kvaloy, Aksel Bu"]
[Black "Pranesh M"]
[Result "1-0"]
[Board "143"]
[TimeControl "180+1"]
[WhiteFideId "1528815"]
[BlackFideId "35028600"]
[WhiteElo "2733"]
[BlackElo "2940"]
[WhiteTeam "NOR"]
[BlackTeam "IND"]
[WhiteClock "0:00:44"]
[BlackClock "0:00:02"]

1. d4 Nf6 2. Nf3 b6 3. Bg5 Bb7 4. Nbd2 c5 5. e3 e6 6. Bd3 Be7 7. c3 h6 8. Bxf6 Bxf6 9. Qe2 Nc6 10. a3 O-O 11. h4 g6 12. g4 Bg7 13. g5 h5 14. Ne4 d5 15. Ng3 Re8 16. O-O-O c4 17. Bc2 b5 18. Nh2 a5 19. Nxh5 gxh5 20. Qxh5 b4 21. Ng4 Kf8 22. f4 Ke7 23. Qh7 Rg8 24. h5 Qf8 25. h6 Bh8 26. g6 Kd6 27. Ne5 Nd8 28. Rdg1 bxc3 29. bxc3 Bc6 30. g7 Qe8 31. gxh8=Q Rxh8 32. Qg7 Rb8 33. h7 Ke7 34. Qxh8 Qxh8 35. Rg8 Nb7 36. Nxc6+ Kd6 37. Nxb8 1-0

[Event "January 9 Early 2024"]
[Site "https://www.chess.com"]
[Date "2024.01.11"]
[Round "3"]
[White "Bournel, Antoine"]
[Black "Seo, Jung Min"]
[Result "0-1"]
[Board "144"]
[TimeControl "180+1"]
[WhiteFideId "26093553"]
[BlackFideId "1734687"]
[WhiteElo "2571"]
[BlackElo "2862"]
[WhiteTeam "FRA"]
[BlackTeam "SWE"]
[WhiteClock "0:00:01"]
[BlackClock "0:00:48"]

1. d4 Nf6 2. c4 e6 3. Nf3 d5 4. Nc3 Nbd7 5. cxd5 exd5 6. Bg5 c6 7. Qc2 h6 8. Bh4 g5 9. Bg3 Nh5 10. O-O-O Nxg3 11. hxg3 Nb6 12. e4 Be6 13. Bd3 Bb4 14. exd5 Nxd5 15. Bf5 Bxc3 16. Bxe6 fxe6 17. bxc3 Qf6 18. c4 Nb6 19. c5 Nd5 20. Ne5 O-O-O 21. f3 h5 22. Kb2 Ne7 23. Qe4 Nf5 24. Rh3 Rd5 25. g4 Nxd4 26. Rxh5 Rhd8 27. f4 gxf4 28. Kb1 Nb5 29. Rc1 Rd4 30. Qg6 Qxg6+ 31. Nxg6 a5 32. Rh3 Kb8 33. Re1 Rg8 34. Rxe6 Rd2 35. Re1 Rxg2 36. Ne5 Ka7 37. Rf3 Rg5 38. Ka1 Nd4 39. Rc3 Nc2+ 40. Kb2 Nxe1+ 0-1

[Event "January 9 Early 2024"]
[Site "https://www.chess.com"]
[Date "2024.01.11"]
[Round "3"]
[White "Parpiev, Isaak"]
[Black "Romero Arzuaga, Yudel"]
[Result "0-1"]
[Board "145"]
[TimeControl "180+1"]
[WhiteFideId "34281576"]
[BlackFideId "3521010"]
[WhiteElo "2667"]
[BlackElo "2453"]
[WhiteTeam "RUS"]
[BlackTeam "CUB"]
[WhiteClock "0:00:03"]
[BlackClock "0:00:33"]

1. e4 d5 2. exd5 Qxd5 3. Nc3 Qd8 4. d4 c6 5. Nf3 Bg4 6. Bc4 e6 7. O-O Nf6 8. Be3 Be7 9. h3 Bh5 10. g4 Bg6 11. Ne5 Nbd7 12. f4 Qb6 13. Nxd7 Kxd7 14. f5 exf5 15. gxf5 Bh5 16. Qd2 Qc7 17. d5 Qg3+ 18. Kh1 Qxh3+ 19. Kg1 Qg3+ 20. Kh1 Bf3+ 21. Rxf3 Qxf3+ 22. Kg1 Qg3+ 23. Kf1 Qf3+ 24. Bf2 c5 25. d6 Bxd6 26. Bxf7 Rad8 27. Re1 a6 28. Nd5 Ng4 29. Be6+ Kc6 30. Re3 Qxf2+ 31. Qxf2 Nxf2 32. Kxf2 c4 33. b3 Bc5 34. bxc4 Bxe3+ 35. Kxe3 b5 0-1

[Event "January 9 Early 2024"]
[Site "https://www.chess.com"]
[Date "2024.01.11"]
[Round "3"]
[White "Biriukov, Ilja"]
[Black "Bashirli, Saadat"]
[Result "1-0"]
[Board "146"]
[TimeControl "180+1"]
[WhiteFideId "4113373"]
[BlackFideId "13429990"]
[WhiteElo "2246"]
[BlackElo "2404"]
[WhiteTeam "RUS"]
[BlackTeam "AZE"]
[WhiteClock "0:00:19"]
[BlackClock "0:00:02"]

1. d4 Nf6 2. Nc3 g6 3. h4 h5 4. Bg5 Bg7 5. Qd2 d5 6. O-O-O a6 7. f3 b5 8. e4 dxe4 9. Nxe4 Nxe4 10. fxe4 Bg4 11. Be2 Bxe2 12. Nxe2 Nc6 13. e5 O-O 14. g4 f6 15. Bh6 hxg4 16. Bxg7 Kxg7 17. Nf4 Qd7 18. Qd3 f5 19. h5 g5 20. Ng6 Rfd8 21. Qe3 f4 22. Qe4 e6 23. h6+ Kf7 24. Nxf4 Rg8 25. h7 1-0

[Event "January 9 Early 2024"]
[Site "https://www.chess.com"]
[Date "2024.01.11"]
[Round "3"]
[White "Ioannidis, Evgenios"]
[Black "Bortnyk, Olexandr"]
[Result "0-1"]
[Board "147"]
[TimeControl "180+1"]
[WhiteFideId "4229274"]
[BlackFideId "14120828"]
[WhiteElo "2796"]
[BlackElo "3122"]
[WhiteTeam "GRE"]
[BlackTeam "UKR"]
[WhiteClock "0:00:09"]
[BlackClock "0:00:44"]

1. d4 d6 2. c4 e5 3. dxe5 dxe5 4. Qxd8+ Kxd8 5. Nc3 Be6 6. e3 c6 7. b3 Bb4 8. Bb2 Nd7 9. O-O-O Kc7 10. Bd3 a5 11. a3 Be7 12. Nge2 f5 13. f4 Bc5 14. Kd2 Ngf6 15. Na4 Ba7 16. fxe5 Ng4 17. Nd4 Bxd4 18. exd4 Nf2 19. Rhf1 Nxd1 20. Kxd1 b5 21. Nc3 bxc4 22. bxc4 Rab8 23. Kc2 Rhd8 24. Na4 g6 25. Bc3 Ra8 26. h3 Nb6 27. Nxb6 Kxb6 28. g4 Rf8 29. gxf5 Bxf5 30. Bxf5 Rxf5 31. Rxf5 gxf5 32. Kd3 Rg8 33. Be1 Rg2 34. e6 Kc7 35. d5 cxd5 36. cxd5 Kd6 37. Kd4 Rg1 38. Bxa5 Rd1+ 39. Kc4 Rxd5 40. e7 Rc5+ 41. Kd4 Rd5+ 42. Kc4 Re5 43. Bb4+ Kd7 44. Kd4 Re6 0-1

[Event "January 9 Early 2024"]
[Site "https://www.chess.com"]
[Date "2024.01.11"]
[Round "3"]
[White "Gatterer, Florian"]
[Black "Soraas, Torben"]
[Result "1-0"]
[Board "148"]
[TimeControl "180+1"]
[WhiteFideId "811688"]
[BlackFideId "1503529"]
[WhiteElo "2427"]
[BlackElo "2224"]
[WhiteTeam "ITA"]
[BlackTeam "NOR"]
[WhiteClock "0:00:21"]
[BlackClock "0:00:06"]

1. f4 c5 2. Nf3 Nc6 3. g3 g6 4. Bg2 Bg7 5. e4 e6 6. O-O Nge7 7. c3 O-O 8. d4 cxd4 9. Nxd4 Nxd4 10. cxd4 d5 11. e5 Nf5 12. Nc3 Qb6 13. Ne2 Bd7 14. g4 Nh4 15. Bh1 f6 16. Qe1 g5 17. fxg5 fxg5 18. Rxf8+ Rxf8 19. Bxg5 Bxe5 20. Bxh4 Bxd4+ 21. Kg2 Bxb2 22. Rb1 d4 23. Kh3 e5 24. Qd2 Qg6 25. Qg5 Qxg5 26. Bxg5 Rf2 27. Rxb2 d3 28. Bd5+ Kg7 29. Rxb7 dxe2 30. Bd2 1-0